Map: Crimson Court LE

Players

wingusdingus

  • Race: Terran Terran
  • Spawn Location: 1:00

Rodialus - Winner!

  • Race: Terran Terran
  • Spawn Location: 7:00

VOD

Have the link to the VOD?

Description

Time

  • Played on: July 7, 2025, 3:15 p.m.
  • Length: 13:49
Show
View Real Time Build Order
Export as new Build Order

wingusdingus Terran 

Build Orders:  

Get SALT Encoding   

  12  0:00  SCV  
  13  0:16  Supply Depot  
  13  0:18  SCV  
  14  0:30  SCV  
  15  0:42  SCV  
  16  0:47  Barracks  
  16  0:54  SCV  
  17  1:00  Barracks  
  17  1:04  Supply Depot  
  17  1:40  Refinery  
  17  1:45  Marine  
  18  1:47  Marine  
  18  1:48  Refinery  
  18  1:52  SCV  
  20  2:03  Marine  
  20  2:04  SCV  
  20  2:05  Marine  
  23  2:16  SCV  
  23  2:21  Marine  
  25  2:23  Marine  
  26  2:33  Command Center  
  26  2:35  SCV  
  27  2:39  Marine  
  27  2:41  Marine  
  29  2:47  SCV  
  30  2:57  Marine  
  31  3:09  Supply Depot  
  31  3:30  Marine  
  31  3:31  SCV  
  31  3:32  Supply Depot  
  32  3:56  Supply Depot  
  32  4:02  Marine  
  33  4:03  Marine  
  33  4:08  SCV  
  35  4:12  SCV  
  36  4:20  SCV, Marine x2  
  39  4:24  SCV  
  39  4:26  Barracks  
  40  4:32  SCV  
  40  4:36  SCV  
  40  4:38  Marine x2  
  43  4:44  SCV  
  45  4:48  SCV  
  46  4:56  Marine  
  47  5:00  SCV  
  47  5:04  Factory  
  48  5:08  SCV  
  48  5:12  SCV  
  50  5:15  Barracks  
  50  5:20  SCV  
  51  5:24  Reaper  
  51  5:25  SCV  
  53  5:37  SCV  
  53  5:40  Refinery x2  
  54  5:49  SCV  
  55  5:52  Starport  
  55  5:56  Reaper  
  56  5:59  Hellion  
  57  6:20  Hellion  
  59  6:26  Barracks Reactor  
  59  6:28  Barracks Tech Lab  
  59  6:29  Reaper  
  59  6:31  SCV  
  61  6:41  Medivac  
  61  6:42  Hellion  
  61  6:43  SCV  
  66  6:55  SCV  
  66  6:59  Supply Depot  
  66  7:01  Reaper  
  68  7:03  Hellion  
  70  7:10  Starport  
  70  7:21  SCV, Marauder, Medivac  
  75  7:23  Supply Depot  
  75  7:24  Hellion  
  75  7:28  Supply Depot  
  77  7:33  Reaper  
  78  7:42  Barracks Reactor  
  78  7:45  Supply Depot, Marauder, Barracks Tech Lab  
  78  7:46  Hellion  
  78  7:50  Supply Depot  
  78  7:51  Medivac  
  84  7:56  Stimpack  
  84  8:06  Marauder  
  84  8:07  Supply Depot  
  63  8:15  Supply Depot  
  46  8:21  Marine x4, Medivac  
  48  8:28  Marauder  
  48  8:31  Supply Depot  
  36  8:37  Supply Depot  
  36  8:39  Marine x4  
  35  8:49  Marauder  
  35  8:50  SCV  
  35  8:53  Supply Depot  
  35  8:57  Marine x3  
  28  9:10  Marine  
  28  9:14  Marine  
  28  9:15  Marine x2  
  28  9:28  Marine  
  29  9:33  Marine  
  29  9:36  Combat Shield  
    10:33  SCV  
  1  10:46  SCV  
  1  10:58  SCV  
  2  11:07  Hellion  
  2  11:29  Hellion  
  4  11:50  Hellion  
  6  12:11  Hellion  
  8  12:33  Hellion  
Show
View Real Time Build Order
Export as new Build Order

Rodialus Terran - Winner!

Build Orders:  

Get SALT Encoding   

  12  0:01  SCV  
  13  0:13  SCV  
  14  0:18  Supply Depot  
  14  0:25  SCV  
  15  0:40  SCV  
  15  0:41  Barracks  
  16  0:52  SCV  
  17  0:59  Barracks  
  17  1:07  Refinery  
  17  1:10  SCV  
  18  1:24  SCV  
  19  1:34  Marine  
  20  1:40  Orbital Command  
  20  1:41  Supply Depot  
  20  2:01  Barracks Reactor  
  20  2:04  Marine  
  21  2:14  SCV  
  22  2:28  Marine  
  23  2:31  SCV  
  23  2:36  Supply Depot  
  24  2:45  SCV  
  24  2:48  Command Center  
  25  2:55  Marine x2  
  25  2:57  Barracks Reactor  
  27  3:07  Barracks  
  27  3:13  Refinery  
  27  3:20  Engineering Bay  
  27  3:26  SCV  
  25  3:36  Marine x3  
  25  3:37  Marine  
  27  3:54  Marine x2  
  28  3:58  Bunker  
  28  4:05  Terran Infantry Weapons Level 1  
  28  4:09  Marine  
  28  4:10  Marine  
  28  4:12  Marine x2  
  32  4:20  Barracks Reactor  
  32  4:26  SCV  
  32  4:27  Marine  
  34  4:37  Marine  
  34  4:38  SCV, Marine x2  
  38  4:50  SCV  
  39  5:13  Barracks  
  39  5:18  Supply Depot  
  39  5:23  Supply Depot  
  39  5:24  Supply Depot  
  39  5:25  Supply Depot  
  39  5:37  Command Center  
  39  5:39  Marine x6  
  39  5:40  Supply Depot  
  45  5:57  Marine x3  
  45  5:58  Marine x2  
  50  6:04  Terran Infantry Armor Level 1  
  50  6:10  Supply Depot  
  50  6:14  SCV  
  51  6:26  SCV  
  51  6:31  Ghost Academy  
  52  6:33  Supply Depot  
  52  6:37  Marine x4  
  56  6:42  SCV  
  57  6:50  SCV  
  58  6:56  Supply Depot  
  58  7:10  SCV x2  
  60  7:17  Marine x3  
  60  7:22  SCV x2  
  65  7:32  Barracks  
  65  7:33  Marine x3  
  65  7:35  Marine  
  69  7:52  SCV x2  
  69  7:56  Marine x6  
  77  8:04  SCV x2  
  66  8:13  Marine x2  
  66  8:14  Marine x2  
  68  8:20  Barracks  
  68  8:31  Marine x4  
  68  8:34  Barracks Tech Lab  
  70  9:08  Barracks  
  68  9:29  Marine x5  
  68  9:30  Ghost  
  71  9:59  Ghost  
  73  10:27  Ghost  
  76  11:53  Marine x2  
  76  11:54  Marine x3, Ghost  
  79  11:55  Marine x2  
  79  11:57  Personal Cloaking  
  79  11:59  SCV x2  
  88  12:11  Marine x3  
  88  12:12  Command Center  
  91  12:21  SCV x2  
  93  12:30  Marine x4  
  93  12:31  Ghost, Marine x2  
  93  12:32  Marine  
  93  12:33  SCV  
  93  12:34  SCV  
  105  12:48  Marine  
  106  12:52  Marine x2  
  106  12:53  Marine x2  
  107  13:29  Marine x3  
  107  13:30  Marine x3  
Tags
 
Matchup
TvT
Race
Terran
Spawn Locations
Cross Positions
Add a new tag
Caveats
  • Supply blocks, unpowered buildings, or Contaminate may cause inaccurate times.
  • Supply counts are checked every 10 seconds.